 Dungeon Crawl Stone Soup version 0.28-a0-384-g9e0c098162 (webtiles) character file.

Game seed: 4364334710331877104

64 mathmaestro the Ruffian (level 3, 0/37 HPs)
             Began as a Troll Monk on Sept 2, 2021.
             Slain by Terence (4 damage)
             ... on level 2 of the Dungeon.
             The game lasted 00:01:20 (1262 turns).

mathmaestro the Ruffian (Troll Monk)                Turns: 1262, Time: 00:01:20

Health: 0/37       AC:  4    Str: 20    XL:     3   Next: 91%
Magic:  2/2        EV: 10    Int:  6    God:
Gold:   61         SH:  0    Dex: 12    Spells: 2/2 levels left

rFire   + . .      SeeInvis .     - Unarmed
rCold   . . .      Faith    .   (no shield)
rNeg    . . .      Spirit   .   a - +0 robe
rPois   .          Reflect  .   (helmet restricted)
rElec   .          Harm     .   (no cloak)
rCorr   .          Rampage  .   (gloves unavailable)
Will    .....                   (boots unavailable)
Stlth   ++........              (no amulet)
HPRegen 1.12/turn               b - ring of protection from fire
MPRegen 0.08/turn               (no ring)

@: no status effects
A: large, unfitting armour, claws 3, regeneration 1, shaggy fur 1, tough skin 1
a: no special abilities


You were on level 2 of the Dungeon.
You visited 1 branch of the dungeon, and saw 2 of its levels.

You collected 61 gold pieces.

Inventory:

Missiles
 e - 101 stones (quivered)
 h - 16 bolts
Armour
 a - a +0 robe (worn)
Jewellery
 b - a ring of protection from fire (left claw)
Wands
 i - a wand of flame (16)
Scrolls
 c - a scroll of vulnerability {unknown}
 f - 3 scrolls of identify {unknown}
Potions
 d - a potion of resistance {unknown}
 g - a potion of haste {unknown}


   Skills:
 + Level 3.0 Fighting
 + Level 3.0 Dodging
 - Level 1.0 Stealth
 + Level 3.7 Unarmed Combat


You had 2 spell levels left.
You didn't know any spells.
Your spell library was empty.

Dungeon Overview and Level Annotations

Branches:
Dungeon (2/15)

Altars:
Zin

Annotations:
D:2 Terence


Innate Abilities, Weirdness & Mutations

You are too large for most types of armour.
You have claws for hands.
Your natural rate of healing is unusually fast.
You are covered in fur. (AC +1)
You have tough skin. (AC +1)


Message History

You are too injured to fight recklessly!
You are too injured to fight recklessly!
You are too injured to fight recklessly!
You are too injured to fight recklessly!
You are too injured to fight recklessly!
You are too injured to fight recklessly!
You are too injured to fight recklessly!
You are too injured to fight recklessly!
You are too injured to fight recklessly!
You are too injured to fight recklessly!
You are too injured to fight recklessly!
You are too injured to fight recklessly!
You are too injured to fight recklessly!
You scratch Terence but do no damage.
Terence is moderately wounded.
Terence hits you with a +0 trident.
You barely miss Terence.
Terence is moderately wounded.
Terence closely misses you.
You scratch Terence but do no damage.
Terence is moderately wounded.
Terence barely misses you.
You claw Terence!
Terence is almost dead.
Terence hits you with a +0 trident!
* * * LOW HITPOINT WARNING * * *
You barely miss Terence.
Terence is almost dead.
Terence hits you with a +0 trident.
* * * LOW HITPOINT WARNING * * *
You completely miss Terence.
Terence is almost dead.
You barely miss Terence.
Terence is almost dead.
Terence hits you with a +0 trident!
* * * LOW HITPOINT WARNING * * *
You scratch Terence.
Terence is almost dead.
Terence hits you with a +0 trident.
You die...

.# ###.## #####..####..# .#
#..### #....#.# #...# .## ##...#
#....#.###.#.# ..#
###.###....#..##.#.# #.##
#.....#....##.##.#.# ...#
#..........##....#># ...#
##.._.......####..#.# ...#
#.........@..# #....#
...####..#.....#@...# #.#..#
........####........####.#..#
...###### ####.###..[##.##.##
...#### #.# #......##..#
....#.#########.####.........#
...###...P#....###.#...###...###
..#....P.P#...P...##.#.####....#
.##.PP....#......P##.#..# #....##
#.P.PP.P.P#......P..###.###.#...#


You could see Terence.

Vanquished Creatures
  Jessica (D:2)
  An adder (D:2)
  A ball python (D:1)
  An endoplasm (D:2)
  2 giant cockroaches
  6 goblins
  4 hobgoblins
  2 kobolds (D:2)
  A quokka (D:1)
  A bat (D:1)
  2 frilled lizards (D:1)
  5 rats (D:1)
27 creatures vanquished.

Vanquished Creatures (others)
  5 demonic plants (D:2)
  A fungus (D:2)
  A plant (D:2)
  2 withered plants (D:2)
9 creatures vanquished.

Grand Total: 36 creatures vanquished

Notes
Turn   | Place    | Note
-------+----------+-------------------------------------------
     0 | D:1      | mathmaestro the Troll Monk began the quest for the Orb.
     0 | D:1      | Reached XP level 1. HP: 22/22 MP: 0/0
   379 | D:1      | Reached XP level 2. HP: 29/29 MP: 1/1
   950 | D:2      | Found a glowing silver altar of Zin.
  1029 | D:2      | Noticed Jessica
  1040 | D:2      | Killed Jessica
  1041 | D:2      | Reached XP level 3. HP: 33/36 MP: 2/2
  1130 | D:2      | Found a faded altar of an unknown god.
  1245 | D:2      | Noticed Terence
  1262 | D:2      | Slain by Terence

Illustrated notes

Levels and vault maps discovered:
D:1:      minmay_arrival_shattered_statue, layout_basic, chequers_avenue
D:2:      layout_rooms, shapermc_ecumenical_altar_gd, basic_altar,
          glass_columns_a, uniq_terence, uniq_jessica, uniq_crazy_yiuf_cottage

Skill      XL: |  1  2  3 |
---------------+----------+-----
Dodging        | 3 |  3.0
Fighting       | 3 |  3.0
Stealth        | |  1.0
Unarmed Combat | |  3.7

Action                   || total
-------------------------++-------
Melee: Unarmed           ||    85
 Stab: Sleeping          ||     4
Armor: Robe              ||    23
Dodge: Dodged            ||    33

Table legend: (Time is in decaauts)
 A = Elapsed time spent in this place.
 B = Non-inter-level travel time spent in this place.
 C = Inter-level travel time spent in this place.
 D = Time resting spent in this place.
 E = Time spent auto-exploring this place.
 F = Levels seen in this place.
 G = Mean time per level.
                   A        B        C        D        E       F      G
               +--------+--------+--------+--------+--------+-----+--------+
         Total |   1256 |   1231 |     25 |      0 |   1029 |   2 |  628.0 |
       Dungeon |   1256 |   1231 |     25 |      0 |   1029 |   2 |  628.0 |
               +--------+--------+--------+--------+--------+-----+--------+

Top non-repeatable levels by time:
     D:1: 903 daAuts
     D:2: 353 daAuts
